Map: The Walking Deаd

Players

Alpha

  • Race: Terran Terran

BiggusDickus

  • Race: Terran Terran

Leorious

  • Race: Protoss Protoss

MynameisYele

  • Race: Terran Terran

Xyooj

  • Race: Protoss Protoss

VOD

Have the link to the VOD?

Description

We finally beat the arcade mod game.

Time

  • Played on: Feb. 4, 2024, 11:32 p.m.
  • Length: 43:09
Show
View Real Time Build Order
Export as new Build Order

Alpha Terran 

Build Orders:  

Get SALT Encoding   

    0:22  Unknown  
    0:29  Unknown  
    2:10  Unknown  
    2:11  Unknown  
    2:45  Unknown x2  
    2:50  Unknown  
    3:21  Unknown  
    3:53  Unknown  
    3:54  Unknown  
    4:13  Unknown  
    4:19  Unknown  
    4:40  Unknown  
    4:57  Unknown  
    6:24  Unknown  
    6:41  Unknown  
    6:42  Unknown  
    6:44  Unknown  
    6:45  Unknown  
    6:56  Unknown  
    7:09  Unknown  
    7:25  Unknown  
    7:48  Unknown  
    8:01  Unknown  
    8:14  Unknown  
    8:56  Unknown  
    8:58  Unknown  
    9:22  Unknown  
    10:16  Unknown  
    10:17  Unknown  
    10:18  Unknown  
    10:35  Unknown  
    10:36  Unknown  
    10:50  Unknown  
    11:12  Unknown  
    12:00  Unknown  
    12:23  Unknown  
    12:26  Unknown  
    13:16  Unknown  
    13:18  Unknown  
    13:42  Unknown  
    13:58  Unknown  
    14:15  Unknown  
    14:42  Unknown  
    15:36  Unknown  
    15:45  Unknown  
    16:26  Unknown  
    17:21  Unknown  
    17:39  Unknown  
    18:12  Unknown  
    18:44  Unknown  
    18:46  Unknown  
    19:11  Unknown  
    19:29  Unknown  
    19:42  Unknown  
    20:29  Unknown  
    20:40  Unknown  
    20:42  Unknown  
    22:00  Unknown  
    22:12  Unknown  
    23:12  Unknown  
    23:30  Unknown x2  
    24:19  Unknown  
    24:20  Unknown  
    24:28  Unknown  
    25:02  Unknown  
    25:42  Unknown  
    26:10  Unknown  
    26:32  Unknown  
    26:34  Unknown  
    27:17  Unknown  
    27:43  Unknown x2  
    27:44  Unknown  
    28:04  Unknown  
    28:17  Unknown  
    28:43  Unknown  
    29:17  Unknown  
    29:58  Unknown  
    30:27  Unknown  
    30:42  Unknown  
    31:04  Unknown  
    31:52  Unknown  
    31:54  Unknown  
    32:11  Unknown  
    32:16  Unknown  
    32:49  Unknown  
    33:11  Unknown  
    34:20  Unknown  
    35:43  Unknown x2  
    35:44  Unknown  
    37:24  Unknown  
    37:25  Unknown  
    37:35  Unknown  
    38:03  Unknown  
    39:32  Unknown  
    39:33  Unknown  
    39:34  Unknown  
    39:35  Unknown  
    40:48  Unknown  
    40:49  Unknown  
    40:52  Unknown  
    41:32  Unknown  
    41:59  Unknown  
    42:09  Unknown  
    42:39  Unknown  
    42:40  Unknown  
    42:49  Unknown  
Show
View Real Time Build Order
Export as new Build Order

BiggusDickus Terran 

Build Orders:  

Get SALT Encoding   

    0:16  Unknown  
    0:50  Unknown  
    1:36  Unknown  
    2:34  Unknown  
    2:37  Unknown  
    2:39  Unknown  
    2:51  Unknown  
    3:03  Unknown  
    3:06  Unknown  
    3:38  Unknown  
    3:58  Unknown  
    3:59  Unknown  
    4:21  Unknown  
    4:22  Unknown  
    4:47  Unknown  
    4:55  Unknown  
    5:16  Unknown  
    5:40  Unknown  
    5:43  Unknown  
    5:53  Unknown  
    6:14  Unknown  
    7:24  Unknown  
    7:49  Unknown  
    7:56  Unknown  
    7:58  Unknown  
    7:59  Unknown  
    8:20  Unknown  
    9:20  Unknown  
    9:50  Unknown  
    9:54  Unknown  
    10:21  Unknown  
    10:43  Unknown  
    11:10  Unknown  
    12:10  Unknown  
    12:11  Unknown  
    12:24  Unknown  
    12:45  Unknown  
    14:53  Unknown x2  
    14:54  Unknown  
    14:55  Unknown  
    14:56  Unknown  
    14:57  Unknown  
    16:20  Unknown  
    16:27  Unknown  
    16:33  Unknown  
    17:18  Unknown  
    17:44  Unknown  
    18:02  Unknown  
    18:46  Unknown  
    18:48  Unknown  
    19:34  Unknown  
    19:38  Unknown  
    20:25  Unknown  
    20:45  Unknown  
    21:23  Unknown  
    21:48  Unknown  
    22:47  Unknown  
    22:48  Unknown  
    23:01  Unknown  
    23:58  Unknown  
    24:02  Unknown  
    24:30  Unknown  
    24:54  Unknown  
    25:55  Unknown  
    26:37  Unknown x2  
    26:38  Unknown x2  
    27:15  Unknown  
    28:08  Unknown  
    28:36  Unknown x2  
    28:37  Unknown x2  
    30:21  Unknown x2  
    30:22  Unknown  
    30:32  Unknown  
    30:50  Unknown  
    31:04  Unknown  
    32:38  Unknown  
    32:40  Unknown  
    32:49  Unknown  
    32:54  Unknown  
    33:06  Unknown  
    33:50  Unknown  
    33:51  Unknown  
    34:09  Unknown  
    34:12  Unknown  
    34:13  Unknown  
    34:46  Unknown  
    34:57  Unknown  
    35:17  Unknown  
    35:39  Unknown  
    36:09  Unknown  
    37:40  Unknown  
    37:41  Unknown x2  
    38:02  Unknown  
    38:08  Unknown  
    38:55  Unknown  
    39:14  Unknown  
    39:33  Unknown  
    39:44  Unknown  
    40:32  Unknown  
    40:50  Unknown  
    40:51  Unknown  
    40:53  Unknown  
    41:20  Unknown  
    42:17  Unknown  
    42:20  Unknown  
Show
View Real Time Build Order
Export as new Build Order

Leorious Protoss 

Build Orders:  

Get SALT Encoding   

    0:01  Unknown  
    0:11  Unknown  
    1:15  Unknown  
    1:31  Unknown  
    1:33  Unknown  
    1:35  Unknown  
    1:41  Unknown  
    2:10  Unknown  
    2:16  Unknown  
    2:23  Unknown  
    2:33  Unknown  
    2:34  Unknown  
    2:37  Unknown  
    2:38  Unknown  
    2:39  Unknown  
    2:40  Unknown  
    2:41  Unknown  
    2:50  Unknown  
    3:01  Unknown  
    3:04  Unknown  
    3:45  Unknown  
    3:49  Unknown  
    4:08  Unknown  
    4:09  Unknown  
    4:21  Unknown  
    4:31  Unknown  
    4:35  Unknown  
    4:47  Unknown  
    5:10  Unknown  
    5:12  Unknown  
    5:14  Unknown  
    5:36  Unknown  
    5:48  Unknown  
    5:49  Unknown  
    5:56  Unknown  
    5:57  Unknown  
    5:58  Unknown  
    5:59  Unknown  
    6:00  Unknown  
    6:11  Unknown  
    6:15  Unknown  
    6:31  Unknown  
    6:47  Unknown  
    7:02  Unknown  
    7:05  Unknown  
    7:55  Unknown  
    7:58  Unknown  
    8:05  Unknown  
    8:32  Unknown  
    8:41  Unknown  
    8:43  Unknown  
    8:49  Unknown  
    9:11  Unknown  
    9:15  Unknown  
    9:18  Unknown  
    9:26  Unknown  
    9:28  Unknown  
    9:36  Unknown  
    9:38  Unknown  
    9:41  Unknown  
    9:43  Unknown  
    9:57  Unknown  
    10:01  Unknown  
    10:02  Unknown  
    10:16  Unknown  
    10:45  Unknown  
    11:03  Unknown  
    11:08  Unknown x2  
    11:10  Unknown  
    11:17  Unknown  
    11:43  Unknown  
    11:51  Unknown  
    11:59  Unknown  
    12:06  Unknown  
    12:29  Unknown  
    12:46  Unknown  
    12:53  Unknown  
    12:56  Unknown  
    13:48  Unknown  
    13:49  Unknown  
    13:52  Unknown  
    14:09  Unknown  
    14:35  Unknown  
    14:49  Unknown  
    14:59  Unknown  
    15:05  Unknown x6  
  12  15:11  Unknown  
  12  15:13  Unknown  
  12  15:30  Unknown  
    15:44  Unknown  
    15:55  Unknown  
    16:07  Unknown  
    16:16  Unknown  
    16:26  Unknown  
    16:42  Unknown  
    16:56  Unknown  
    17:02  Unknown  
    17:18  Unknown  
    17:55  Unknown  
    18:01  Unknown  
    18:24  Unknown  
    18:41  Unknown  
    18:53  Unknown  
    19:10  Unknown  
    19:15  Unknown  
    19:34  Unknown  
    19:48  Unknown  
    20:29  Unknown  
    20:41  Unknown  
    20:42  Unknown  
    20:51  Unknown  
    20:54  Unknown x6  
  12  21:01  Unknown  
    21:26  Unknown  
    21:27  Unknown  
    21:41  Unknown  
    21:45  Unknown  
    22:00  Unknown  
    22:15  Unknown  
    22:28  Unknown  
    22:41  Unknown  
    23:02  Unknown  
    23:21  Unknown  
    23:38  Unknown  
    23:41  Unknown  
    23:42  Unknown  
    24:35  Unknown  
    24:41  Unknown  
    24:42  Unknown  
    24:57  Unknown  
    25:12  Unknown  
    25:15  Unknown  
    25:40  Unknown x2  
    25:45  Unknown  
    25:58  Unknown  
    26:04  Unknown  
    26:05  Unknown  
    26:10  Unknown  
    26:14  Unknown  
    26:15  Unknown  
    26:20  Unknown  
    26:24  Unknown  
    26:25  Unknown  
    26:29  Unknown  
    26:34  Unknown  
    26:39  Unknown  
    26:43  Unknown  
    26:47  Unknown  
    26:48  Unknown  
    26:54  Unknown  
    26:58  Unknown  
    27:02  Unknown x2  
    27:07  Unknown  
    27:10  Unknown  
    27:11  Unknown  
    27:16  Unknown  
    27:18  Unknown  
    27:19  Unknown  
    27:20  Unknown x2  
    27:25  Unknown  
    27:30  Unknown  
    27:34  Unknown  
    27:39  Unknown  
    27:44  Unknown  
    27:46  Unknown  
    27:48  Unknown  
    27:53  Unknown  
    27:57  Unknown  
    28:02  Unknown  
    28:03  Unknown  
    28:04  Unknown  
    28:07  Unknown  
    28:09  Unknown  
    28:12  Unknown  
    28:18  Unknown  
    28:23  Unknown  
    28:28  Unknown  
    28:32  Unknown  
    28:46  Unknown  
    28:51  Unknown  
    28:59  Unknown  
    29:03  Unknown  
    29:08  Unknown  
    29:14  Unknown  
    29:19  Unknown  
    29:24  Unknown  
    29:29  Unknown  
    29:34  Unknown  
    29:39  Unknown  
    29:43  Unknown  
    29:47  Unknown  
    29:48  Unknown  
    29:53  Unknown  
    29:58  Unknown  
    30:02  Unknown  
    30:12  Unknown  
    30:16  Unknown  
    30:27  Unknown  
    30:28  Unknown  
    30:33  Unknown  
    30:37  Unknown  
    30:42  Unknown  
    30:48  Unknown  
    30:52  Unknown  
    30:59  Unknown  
    31:03  Unknown  
    31:09  Unknown  
    31:13  Unknown  
    31:19  Unknown  
    31:30  Unknown  
    31:34  Unknown  
    31:40  Unknown  
    31:45  Unknown  
    31:49  Unknown  
    31:50  Unknown  
    31:55  Unknown  
    32:08  Unknown x5  
    32:17  Unknown  
    32:21  Unknown  
    32:23  Unknown  
    32:27  Unknown  
    32:31  Unknown  
    32:36  Unknown  
    32:41  Unknown  
    32:45  Unknown  
    32:50  Unknown  
    32:51  Unknown x5  
    32:59  Unknown  
    33:04  Unknown  
    33:14  Unknown x5  
    33:15  Unknown x7  
  96  33:23  Unknown  
  96  33:27  Unknown  
  96  33:28  Unknown  
  96  33:29  Unknown  
  96  33:34  Unknown x5  
  96  33:35  Unknown  
    33:45  Unknown  
    33:46  Unknown  
    33:51  Unknown  
    33:55  Unknown  
    34:00  Unknown  
    34:05  Unknown  
    34:09  Unknown  
    34:14  Unknown  
    34:17  Unknown x5  
    34:19  Unknown  
    34:30  Unknown  
    34:32  Unknown  
    34:37  Unknown  
    34:42  Unknown  
    34:47  Unknown  
    34:52  Unknown  
    34:56  Unknown  
    35:00  Unknown x6  
    35:05  Unknown  
    35:11  Unknown  
    35:16  Unknown  
    35:20  Unknown  
    35:25  Unknown  
    35:30  Unknown  
    35:35  Unknown  
    35:40  Unknown  
    35:42  Unknown x5  
    35:46  Unknown x2  
    35:51  Unknown  
    35:56  Unknown  
    35:58  Unknown  
    36:03  Unknown  
    36:08  Unknown  
    36:13  Unknown  
    36:17  Unknown  
    36:18  Unknown  
    36:23  Unknown  
    36:25  Unknown x5  
    36:29  Unknown  
    36:34  Unknown  
    36:40  Unknown  
    36:44  Unknown  
    36:49  Unknown  
    36:51  Unknown  
    36:54  Unknown  
    37:00  Unknown  
    37:06  Unknown  
    37:08  Unknown x5  
    37:24  Unknown  
    37:29  Unknown  
    37:34  Unknown  
    37:38  Unknown  
    37:43  Unknown  
    37:46  Unknown  
    37:48  Unknown  
    37:51  Unknown x5  
    37:56  Unknown  
    38:01  Unknown  
    38:06  Unknown  
    38:11  Unknown  
    38:16  Unknown  
    38:20  Unknown  
    38:27  Unknown  
    38:32  Unknown  
    38:34  Unknown x5  
    38:37  Unknown  
    38:41  Unknown  
    38:46  Unknown  
    38:47  Unknown  
    38:50  Unknown  
    38:55  Unknown  
    39:17  Unknown x5  
    39:22  Unknown  
    39:26  Unknown  
    39:32  Unknown  
    39:37  Unknown  
    39:46  Unknown  
    39:48  Unknown  
    39:54  Unknown  
    39:59  Unknown  
    40:00  Unknown x5  
    40:03  Unknown  
    40:14  Unknown  
    40:21  Unknown  
    40:22  Unknown  
    40:27  Unknown  
    40:34  Unknown  
    40:41  Unknown  
    40:42  Unknown x5  
    40:49  Unknown  
    40:54  Unknown  
    41:01  Unknown  
    41:03  Unknown  
    41:05  Unknown  
    41:09  Unknown  
    41:15  Unknown  
    41:20  Unknown  
    41:25  Unknown x5  
    41:28  Unknown  
    41:37  Unknown x2  
    41:44  Unknown  
    41:49  Unknown  
    41:54  Unknown  
    42:00  Unknown  
    42:04  Unknown  
    42:08  Unknown x5  
    42:09  Unknown  
    42:13  Unknown  
    42:18  Unknown  
    42:46  Unknown  
    42:48  Unknown  
    42:50  Unknown  
    42:51  Unknown x5  
    42:56  Unknown  
    43:01  Unknown  
    43:05  Unknown  
Show
View Real Time Build Order
Export as new Build Order

MynameisYele Terran 

Build Orders:  

Get SALT Encoding   

    0:19  Unknown  
    0:25  Unknown  
    1:35  Unknown  
    1:37  Unknown  
    1:49  Unknown  
    2:02  Unknown  
    2:05  Unknown  
    2:47  Unknown  
    2:57  Unknown  
    3:01  Unknown  
    3:24  Unknown  
    3:39  Unknown  
    3:45  Unknown  
    3:54  Unknown  
    4:04  Unknown  
    4:13  Unknown  
    4:29  Unknown  
    4:33  Unknown  
    4:41  Unknown  
    4:45  Unknown  
    5:12  Unknown  
    5:19  Unknown  
    5:34  Unknown  
    6:06  Unknown  
    6:11  Unknown  
    6:17  Unknown  
    6:38  Unknown  
    6:50  Unknown  
    7:10  Unknown  
    7:15  Unknown  
    7:24  Unknown  
    7:34  Unknown  
    7:45  Unknown  
    7:58  Unknown  
    8:02  Unknown  
    8:10  Unknown  
    8:23  Unknown  
    8:45  Unknown  
    9:04  Unknown  
    9:08  Unknown  
    9:18  Unknown  
    9:27  Unknown  
    9:33  Unknown  
    9:47  Unknown  
    10:06  Unknown  
    10:10  Unknown  
    10:27  Unknown  
    10:41  Unknown  
    10:44  Unknown  
    11:01  Unknown  
    11:03  Unknown  
    11:10  Unknown  
    11:30  Unknown  
    12:06  Unknown  
    12:09  Unknown  
    12:28  Unknown  
    12:41  Unknown  
    12:45  Unknown  
    13:02  Unknown  
    13:13  Unknown  
    13:16  Unknown  
    13:19  Unknown  
    13:31  Unknown  
    13:43  Unknown  
    13:46  Unknown  
    14:00  Unknown  
    14:13  Unknown  
    14:17  Unknown  
    14:37  Unknown  
    14:46  Unknown  
    15:00  Unknown  
    15:08  Unknown  
    15:17  Unknown  
    15:20  Unknown  
    15:32  Unknown  
    15:39  Unknown  
    15:53  Unknown  
    15:57  Unknown  
    16:13  Unknown  
    16:17  Unknown  
    16:29  Unknown  
    17:16  Unknown  
    17:23  Unknown  
    17:36  Unknown  
    17:41  Unknown  
    17:50  Unknown  
    18:07  Unknown  
    18:13  Unknown  
    18:15  Unknown  
    18:16  Unknown  
    18:20  Unknown  
    18:31  Unknown  
    18:40  Unknown  
    19:12  Unknown  
    19:15  Unknown  
    19:17  Unknown  
    19:23  Unknown  
    19:52  Unknown  
    19:55  Unknown  
    20:05  Unknown  
    20:18  Unknown  
    20:32  Unknown  
    20:45  Unknown  
    20:58  Unknown  
    21:15  Unknown  
    21:16  Unknown  
    21:17  Unknown  
    21:18  Unknown  
    21:19  Unknown  
    21:41  Unknown  
    21:45  Unknown  
    21:57  Unknown  
    22:09  Unknown  
    22:10  Unknown  
    22:23  Unknown  
    22:47  Unknown  
    23:27  Unknown  
    23:28  Unknown  
    23:56  Unknown  
    23:58  Unknown  
    24:01  Unknown  
    24:15  Unknown  
    24:26  Unknown  
    24:28  Unknown  
    24:42  Unknown  
    24:56  Unknown  
    25:09  Unknown  
    25:18  Unknown  
    25:33  Unknown  
    26:25  Unknown  
    26:26  Unknown  
    26:39  Unknown  
    26:57  Unknown  
    27:02  Unknown  
    27:13  Unknown  
    27:49  Unknown  
    27:57  Unknown  
    27:59  Unknown  
    28:09  Unknown  
    28:36  Unknown  
    29:09  Unknown  
    29:10  Unknown  
    29:18  Unknown  
    29:32  Unknown  
    29:40  Unknown  
    29:54  Unknown  
    30:01  Unknown  
    30:07  Unknown  
    30:23  Unknown x2  
    30:28  Unknown  
    30:38  Unknown  
    30:44  Unknown  
    30:52  Unknown  
    31:29  Unknown  
    31:43  Unknown  
    31:46  Unknown  
    32:04  Unknown  
    32:05  Unknown  
    32:15  Unknown  
    33:04  Unknown  
    33:25  Unknown  
    33:36  Unknown x2  
    33:47  Unknown  
    33:53  Unknown  
    33:54  Unknown  
    34:16  Unknown  
    34:23  Unknown  
    34:39  Unknown  
    34:49  Unknown  
    35:01  Unknown  
    35:16  Unknown  
    35:22  Unknown  
    35:23  Unknown  
    35:28  Unknown  
    35:29  Unknown  
    35:47  Unknown  
    35:57  Unknown  
    36:07  Unknown  
    36:20  Unknown  
    36:32  Unknown  
    36:45  Unknown  
    36:51  Unknown  
    36:52  Unknown  
    36:53  Unknown  
    36:58  Unknown  
    37:24  Unknown  
    37:41  Unknown  
    37:54  Unknown  
    38:08  Unknown  
    38:25  Unknown  
    38:38  Unknown  
    38:49  Unknown  
    38:51  Unknown  
    39:06  Unknown  
    39:09  Unknown  
    39:13  Unknown  
    39:14  Unknown  
    39:15  Unknown  
    39:20  Unknown  
    39:35  Unknown x2  
    39:49  Unknown  
    39:52  Unknown  
    40:03  Unknown  
    40:17  Unknown  
    40:25  Unknown  
    40:30  Unknown x2  
    40:43  Unknown  
    41:00  Unknown  
    41:20  Unknown  
    41:30  Unknown  
    41:31  Unknown  
    41:32  Unknown  
    41:34  Unknown  
    41:49  Unknown  
    42:01  Unknown  
    42:16  Unknown  
    42:54  Unknown  
    42:55  Unknown  
    43:07  Unknown  
Show
View Real Time Build Order
Export as new Build Order

Xyooj Protoss 

Build Orders:  

Get SALT Encoding   

    0:37  Unknown  
    0:47  Unknown  
    1:06  Unknown  
    1:07  Unknown  
    1:18  Unknown  
    1:19  Unknown  
    1:27  Unknown  
    1:29  Unknown  
    1:31  Unknown  
    1:42  Unknown  
    1:55  Unknown  
    1:56  Unknown  
    2:02  Unknown  
    2:35  Unknown  
    2:36  Unknown  
    2:37  Unknown  
    2:38  Unknown  
    2:39  Unknown  
    2:57  Unknown  
    2:58  Unknown  
    3:13  Unknown  
    4:09  Unknown  
    4:10  Unknown  
    4:12  Unknown  
    4:30  Unknown  
    4:31  Unknown x2  
    4:32  Unknown  
    4:34  Unknown x2  
    4:35  Unknown  
    4:46  Unknown  
    5:06  Unknown  
    5:07  Unknown  
    5:13  Unknown  
    5:14  Unknown x2  
    5:31  Unknown  
    6:52  Unknown  
    8:02  Unknown x3  
    8:03  Unknown x2  
    8:04  Unknown  
    8:28  Unknown  
    8:48  Unknown  
    8:50  Unknown  
    9:11  Unknown  
    9:45  Unknown  
    10:00  Unknown  
    10:06  Unknown  
    10:15  Unknown  
    10:17  Unknown  
    10:18  Unknown  
    10:22  Unknown  
    10:32  Unknown  
    10:39  Unknown  
  2  10:42  Unknown  
  2  10:47  Unknown  
  2  10:53  Unknown  
  2  10:55  Unknown  
  2  11:02  Unknown  
    11:16  Unknown  
    11:23  Unknown  
    11:25  Unknown  
    11:47  Unknown  
    12:07  Unknown  
    12:08  Unknown x2  
    12:14  Unknown  
    12:21  Unknown  
    12:29  Unknown  
    12:37  Unknown  
    12:47  Unknown  
    12:51  Unknown  
    12:56  Unknown  
    13:04  Unknown  
    13:06  Unknown  
    13:14  Unknown  
  3  13:34  Unknown  
  3  13:40  Unknown  
    13:42  Unknown  
    13:44  Unknown  
    13:50  Unknown  
    13:57  Unknown  
    14:05  Unknown  
    14:14  Unknown  
    14:17  Unknown  
    14:22  Unknown  
    14:46  Unknown  
  2  14:56  Unknown  
  2  15:00  Unknown  
  2  15:03  Unknown  
  2  15:10  Unknown  
    15:17  Unknown  
    15:18  Unknown x2  
    15:26  Unknown  
    15:37  Unknown  
    15:42  Unknown  
    15:45  Unknown  
    15:46  Unknown  
    15:47  Unknown  
    15:52  Unknown x2  
    16:00  Unknown  
    16:09  Unknown  
    16:13  Unknown  
    16:15  Unknown  
    16:16  Unknown  
    16:25  Unknown  
    16:27  Unknown  
    16:35  Unknown  
    16:43  Unknown  
    17:01  Unknown x2  
    17:08  Unknown  
    17:25  Unknown  
    17:33  Unknown  
    17:45  Unknown  
    17:51  Unknown  
    17:52  Unknown  
    18:03  Unknown  
    18:11  Unknown  
    18:21  Unknown  
    18:23  Unknown  
    18:24  Unknown  
    18:28  Unknown  
    18:34  Unknown  
    18:36  Unknown  
    18:42  Unknown  
    18:43  Unknown  
    18:51  Unknown  
    18:59  Unknown  
    19:07  Unknown  
    19:15  Unknown  
    19:17  Unknown  
    19:23  Unknown  
    19:24  Unknown x2  
    19:32  Unknown  
    19:41  Unknown  
    20:00  Unknown  
    20:01  Unknown  
    20:21  Unknown  
  2  20:29  Unknown  
  2  20:38  Unknown  
  2  20:40  Unknown  
  4  20:42  Unknown  
  4  20:48  Unknown  
  4  20:56  Unknown  
  4  20:59  Unknown  
    21:25  Unknown  
    21:26  Unknown  
    21:32  Unknown  
    21:38  Unknown  
    21:40  Unknown x2  
    21:45  Unknown  
    21:53  Unknown  
  3  22:00  Unknown  
    22:07  Unknown  
    22:08  Unknown  
    22:19  Unknown  
    22:29  Unknown x2  
    22:31  Unknown  
    22:34  Unknown  
    22:51  Unknown  
    22:57  Unknown  
    23:08  Unknown  
    23:21  Unknown  
    23:29  Unknown  
    23:34  Unknown  
    23:37  Unknown  
    23:45  Unknown  
    23:52  Unknown  
    24:00  Unknown  
    24:08  Unknown x2  
    24:09  Unknown  
    24:10  Unknown  
    24:17  Unknown  
    24:18  Unknown  
    24:21  Unknown  
    24:26  Unknown  
    24:37  Unknown  
  2  24:47  Unknown  
    25:00  Unknown  
    25:02  Unknown  
    25:09  Unknown  
    25:17  Unknown  
    25:31  Unknown  
    25:33  Unknown  
    25:42  Unknown  
    25:52  Unknown  
    26:03  Unknown  
    26:18  Unknown  
    26:25  Unknown  
    26:26  Unknown  
    26:31  Unknown  
    26:33  Unknown  
    26:34  Unknown  
    26:36  Unknown  
    26:51  Unknown  
    26:59  Unknown  
    27:07  Unknown  
    27:08  Unknown  
    27:14  Unknown  
    27:15  Unknown x2  
    27:23  Unknown  
    27:31  Unknown  
    27:40  Unknown x2  
    27:41  Unknown  
  2  27:47  Unknown  
  2  27:51  Unknown  
  2  27:59  Unknown  
    28:06  Unknown  
    28:15  Unknown  
    28:19  Unknown  
    28:29  Unknown  
    28:34  Unknown  
    29:00  Unknown  
    29:10  Unknown  
    29:11  Unknown  
    29:17  Unknown  
    29:20  Unknown  
    29:21  Unknown  
    29:22  Unknown x2  
    29:23  Unknown  
    29:41  Unknown  
    29:48  Unknown  
    30:00  Unknown  
    30:01  Unknown  
    30:12  Unknown  
    30:19  Unknown  
  2  30:26  Unknown  
    30:42  Unknown  
    30:43  Unknown  
    30:50  Unknown  
    30:59  Unknown  
    31:12  Unknown  
    31:20  Unknown  
    31:25  Unknown  
    31:28  Unknown  
    31:42  Unknown  
    31:50  Unknown  
    31:52  Unknown x3  
    31:53  Unknown x3  
    31:54  Unknown  
    31:57  Unknown  
    32:05  Unknown  
    32:08  Unknown  
    32:09  Unknown  
    32:10  Unknown  
    32:13  Unknown  
    32:20  Unknown  
    32:27  Unknown  
    32:37  Unknown  
    32:44  Unknown  
    32:51  Unknown  
    32:54  Unknown  
    33:04  Unknown  
    33:12  Unknown  
    33:19  Unknown  
    33:24  Unknown  
    33:25  Unknown  
    33:26  Unknown  
    33:27  Unknown  
    33:34  Unknown x2  
    33:42  Unknown  
    33:53  Unknown  
    33:54  Unknown  
    33:55  Unknown  
    34:02  Unknown  
    34:11  Unknown  
    34:17  Unknown  
    34:36  Unknown  
    34:44  Unknown  
    35:00  Unknown  
    35:04  Unknown  
    35:42  Unknown  
    35:49  Unknown  
    36:06  Unknown  
  8  36:14  Unknown  
  8  36:22  Unknown  
  8  36:25  Unknown  
    37:08  Unknown  
    37:14  Unknown  
    37:39  Unknown  
    37:51  Unknown  
    38:08  Unknown  
    38:17  Unknown  
    38:34  Unknown  
    38:39  Unknown  
    38:48  Unknown  
    38:56  Unknown  
    39:03  Unknown  
  2  39:11  Unknown  
  2  39:17  Unknown  
    39:57  Unknown  
    40:00  Unknown  
    40:25  Unknown  
    40:35  Unknown  
    40:42  Unknown  
    40:43  Unknown  
    41:01  Unknown  
    41:12  Unknown  
    41:19  Unknown  
    41:25  Unknown  
    41:36  Unknown  
    41:43  Unknown  
    42:06  Unknown  
    42:08  Unknown  
    42:15  Unknown  
    42:24  Unknown  
    42:32  Unknown  
    42:40  Unknown  
    42:49  Unknown  
    42:51  Unknown  
    42:57  Unknown  
    43:04  Unknown  
Tags
 
Add a new tag
Caveats
  • Supply blocks, unpowered buildings, or Contaminate may cause inaccurate times.
  • Supply counts are checked every 10 seconds.